 Dungeon Crawl Stone Soup version 0.28-b1-25-g9875b3fc8c (webtiles) character file.

Game seed: 12193336384227970295

264 pkoi the Conjurer (level 5, -5/38 HPs)
             Began as a Draconian Conjurer on Feb 2, 2022.
             Slain by a wraith (6 damage)
             ... in an ossuary.
             The game lasted 00:06:09 (4609 turns).

pkoi the Conjurer (Draconian Conjurer)              Turns: 4609, Time: 00:06:09

Health: -5/38      AC:  5    Str:  9    XL:     5   Next: 98%
Magic:  0/8        EV: 12    Int: 21    God:
Gold:   140        SH:  0    Dex:  9    Spells: 5/8 levels left

rFire   . . .      SeeInvis .   d - +0 club
rCold   . . .      Faith    .   (no shield)
rNeg    . . .      Spirit   .   (armour unavailable)
rPois   .          Reflect  .   (helmet restricted)
rElec   .          Harm     .   (no cloak)
rCorr   .          Rampage  .   (no gloves)
Will    .....                   (no boots)
Stlth   ++........              (no amulet)
HPRegen 0.12/turn               (no ring)
MPRegen 0.11/turn               (no ring)

@: slowed, very slow
A: AC +5, unfitting armour, cold-blooded
a: no special abilities


You were in an ossuary.
You visited 1 branch of the dungeon, and saw 5 of its levels.
You also visited: Ossuary.

You collected 140 gold pieces.

Inventory:

Hand Weapons
 d - a +0 club (weapon)
Wands
 b - a wand of iceblast (10)
Scrolls
 j - a scroll of enchant weapon {unknown}
 k - a scroll of teleportation {unknown}
 l - a scroll of fear {unknown}
 m - a scroll of identify
Potions
 c - a potion of attraction
 e - a potion of invisibility
 f - a potion of mutation
 g - 2 potions of heal wounds
Miscellaneous
 h - a piece from Xom's chessboard (15/15)


   Skills:
 - Level 1.7 Dodging
 - Level 1.7 Stealth
 - Level 2.0 Spellcasting
 + Level 7.3 Conjurations


You had 5 spell levels left.
You knew the following spells:

 Your Spells              Type           Power      Damage    Failure   Level
a - Magic Dart            Conj           100%       1d8       1%          1
b - Searing Ray           Conj           64%        2d6       1%          2

Your spell library contained the following spells:

 Spells                   Type           Power      Damage    Failure   Level
 Static Discharge         Conj/Air       17%        N/A       4%          2
 Dazzling Flash           Conj/Hex       34%        N/A       10%         3
 Freeze                   Ice            8%         1d3       14%         1
 Fulminant Prism          Conj/Hex       8%         3d7       32%         4
 Hailstorm                Conj/Ice       17%        3d6       32%         4
 Iskenderun's Mystic Bla  Conj/Tloc      17%        2d5       32%         4
 Sticky Flame             Conj/Fire      17%        2d4       32%         4
 Frozen Ramparts          Ice            4%         1d2       41%         3
 Dispel Undead            Necr           2%         3d7       82%         4


Dungeon Overview and Level Annotations

Branches:
Dungeon (5/15)            Ossuary (1/1)
 Temple: D:4-7

Altars:
Uskayaw

Shops:
D:3 =

Annotations:
D:1 Terence
D:4 Pikel


Innate Abilities, Weirdness & Mutations

Your plain brown scales are hard. (AC +5)
You cannot fit into any form of body armour.
You are cold-blooded and may be slowed by cold attacks.


Message History

The wraith hits you. The wraith drains your vigour!
You feel as though you will be slow longer.
Aiming: Magic Dart (safe; 1% risk of failure)
Press: ? - help, Q - select action, (/) - cycle Shift-Dir - straight line, f/p - wraith
Aim: a wraith (moderately damaged, 100% to hit)
The magic dart hits the wraith but does no damage.
The wraith is moderately damaged.
The wraith misses you.
Aiming: Magic Dart (safe; 1% risk of failure)
Press: ? - help, Q - select action, (/) - cycle Shift-Dir - straight line, f/p - wraith
Aim: a wraith (moderately damaged, 100% to hit)
The magic dart hits the wraith.
The wraith is moderately damaged.
The wraith closely misses you. The wraith hits you but does no damage.
Aiming: Magic Dart (safe; 1% risk of failure)
Press: ? - help, Q - select action, (/) - cycle Shift-Dir - straight line, f/p - wraith
Aim: a wraith (moderately damaged, 100% to hit)
The magic dart hits the wraith but does no damage.
The wraith is moderately damaged.
The wraith hits you.
* * * LOW HITPOINT WARNING * * *
The wraith drains your vigour!
You feel as though you will be slow longer.
Okay, then.
Unknown command.
As you read the scroll labelled ZENLICK GIAP, it crumbles to dust.
The creatures around you are filled with an inner flame!
It was a scroll of immolation.
The wraith hits you.
* * * LOW HITPOINT WARNING * * *
The wraith drains your vigour!
You feel as though you will be slow longer.
The wraith hits you.
* * * LOW HITPOINT WARNING * * *
The wraith drains your vigour!
You feel as though you will be slow longer.
As you read the scroll labelled FEANEN PO NASU, it crumbles to dust.
It is a scroll of enchant armour.
You aren't carrying any armour which can be enchanted further.
The wraith hits you.
You die...

#####+#####
#.........##
#...##@##...## .
.##..W##...## .
##.?!..##...# ..
#.!!!?!.#...+ ...
...##.!!?.##...#....
#...##...##...##....
#...#####...##.....
.##.........##......
..#####'#####......Z


You could see a wraith (inner flame).

Vanquished Creatures
  A scorpion (D:5)
  An iguana (D:4)
  A mummy (Ossuary)
  5 adders
  2 worms
  3 dart slugs
  4 orcs (D:5)
  3 ball pythons
  5 bats
  5 endoplasms
  2 giant cockroaches (D:3)
  7 goblins
  10 hobgoblins
  5 jackals
  3 quokkas
  4 frilled lizards
  2 gnoll skeletons (Ossuary)
  6 kobolds
  3 kobold skeletons (Ossuary)
  7 orc skeletons (Ossuary)
  8 rats
87 creatures vanquished.

Vanquished Creatures (collateral kills)
  An orc wizard (D:5)
1 creature vanquished.

Grand Total: 88 creatures vanquished

Notes
Turn   | Place    | Note
-------+----------+-------------------------------------------
     0 | D:1      | pkoi the Draconian Conjurer began the quest for the Orb.
     0 | D:1      | Reached XP level 1. HP: 14/14 MP: 3/3
   270 | D:1      | Reached XP level 2. HP: 20/20 MP: 3/5
  1160 | D:2      | Reached skill level 5 in Conjurations
  1187 | D:2      | Found a hide-covered altar of Uskayaw.
  1242 | D:2      | Noticed Terence
  1250 | D:1      | Reached XP level 3. HP: 26/26 MP: 3/6
  1253 | D:1      | Learned a level 2 spell: Searing Ray
  1927 | D:2      | Found a faded altar of an unknown god.
  2450 | D:3      | Reached XP level 4. HP: 33/33 MP: 3/7
  2836 | D:3      | Found Ebbem's Jewellery Shoppe.
  3059 | D:3      | Reached skill level 6 in Conjurations
  3288 | D:4      | Noticed a lemure
  3288 | D:4      | Noticed a lemure
  3288 | D:4      | Noticed a lemure
  3495 | D:4      | Reached XP level 5. HP: 38/38 MP: 3/8
  3564 | D:4      | Noticed Pikel
  3575 | D:5      | Entered Level 5 of the Dungeon
  3904 | D:5      | Reached skill level 7 in Conjurations
  4094 | D:5      | Found a sand-covered staircase.
  4115 | Ossuary  | Entered an ossuary
  4115 | Ossuary  | Noticed a wraith
  4115 | Ossuary  | Noticed a wraith
  4115 | Ossuary  | Noticed a wraith
  4587 | Ossuary  | Noticed a wraith
  4608 | Ossuary  | HP: 1/38 [wraith (5)]
  4609 | Ossuary  | Slain by a wraith

Illustrated notes

Levels and vault maps discovered:
D:1:      minmay_arrival_glassed_features, layout_basic
D:2:      layout_loops_cross, basic_altar, dreamdust_ecumenical_altar_statues,
          uniq_terence
D:3:      layout_rooms, serial_shops, shop_statue
D:4:      layout_cave_pools, minmay_temple_entry_butterflies, uniq_duvessa,
          uniq_pikel
D:5:      layout_loops_ring, nicolae_ossuary_entry_false_entrances,
          hangedman_decor_peaks_small, hellmonk_bongcloud_opening,
          kennysheep_opposing_triangles
Ossuary:  ossuary_due_mausoleum

Skill      XL: |  1  2  3  4  5 |
---------------+----------------+-----
Conjurations   | 5 6 7 |  7.3
Dodging        | |  1.7
Stealth        | |  1.7
Spellcasting   | |  2.0

Action                   |  1- 3 |  4- 6 || total
-------------------------+-------+-------++-------
Melee: Club              |    28 |    34 ||    62
       Tailslap          |     4 |     6 ||    10
 Cast: Magic Dart        |    73 |    55 ||   128
       Searing Ray       |     4 |     9 ||    13
  Use: Potion            |     5 |     2 ||     7
       Scroll            |     1 |     6 ||     7
Armor: Skin              |    17 |    16 ||    33
Dodge: Dodged            |    29 |    32 ||    61
